 Dungeon Crawl Stone Soup version 0.18-a0-1109-gfc003ac (webtiles) character file.

60 xgamer67 the Sneak (level 4, -5/29 HPs)
             Began as an Octopode Wanderer on Jan 16, 2016.
             Was an Initiate of Fedhas.
             Slain by Natasha (7 damage)
             ... on level 2 of the Dungeon.
             The game lasted 00:05:50 (1717 turns).

xgamer67 the Sneak (Octopode Wanderer)              Turns: 1717, Time: 00:05:51

Health: -5/29      AC:  1    Str: 10    XL:     4   Next: 4%
Magic:  3/5        EV: 11    Int: 13    God:    Fedhas [......]
Gold:   37         SH:  0    Dex: 14    Spells: 2 memorised, 1 level left

rFire  . . .     SeeInvis .     d - +0 dagger
rCold  . . .     Gourm    .     (no shield)
rNeg   . . .     Faith    .     (helmet restricted)
rPois  .         Spirit   .     (no amulet)
rElec  .         Dismiss  .     (no ring)
rCorr  .         Reflect  .     (no ring)
SustAt .         Harm     .     (no ring)
MR     .....                    (no ring)
Stlth  ++++......               (no ring)
                                (no ring)
                                (no ring)
                                (no ring)

@: very slightly contaminated, slowed, very slow, not resistant to hostile
enchantments, stealthy
A: almost no armour, amphibious, 8 rings, constrict 8, camouflage 1, gelatinous
body 1
a: Renounce Religion


You were on level 2 of the Dungeon.
You worshipped Fedhas.
Fedhas was noncommittal.
You were hungry.

You visited 1 branch of the dungeon, and saw 2 of its levels.

You collected 37 gold pieces.

Inventory:

Hand Weapons
 d - a +0 dagger (weapon)
 g - a +2 vampiric spear
Missiles
 h - 49 stones (quivered)
Scrolls
 e - a scroll of remove curse {unknown}
 k - a scroll of random uselessness {unknown}
Potions
 i - a potion of magic {unknown}
 l - a potion of cure mutation {unknown}
Books
 a - a book of Spatial Translocations

   Spells                             Type                      Level
   a - Apportation                    Translocation                1
   b - Blink                          Translocation                2
   c - Shroud of Golubria             Charms/Translocation         2
   d - Portal Projectile              Translocation                3
   e - Teleport Other                 Translocation                3
   f - Passage of Golubria            Translocation                4
 b - Mauhyczo's Collected Works on Transmigration

   Spells                             Type                      Level
   a - Beastly Appendage              Transmutation                1
   b - Passwall                       Transmutation/Earth          3
 c - the Disquisition on Contamination

   Spells                             Type                      Level
   a - Sting                          Conjuration/Poison           1
   b - Ignite Poison                  Fire/Transmutation/Poison    3
Comestibles
 f - 2 bread rations


   Skills:
 - Level 2.0 Fighting
 - Level 2.0 Throwing
 + Level 0.0 Dodging
 - Level 4.0 Stealth
 - Level 1.0 Spellcasting
 - Level 3.0 Translocations
   Level 1.0 Air Magic
   Level 3.6 Poison Magic


You had one spell level left.
You knew the following spells:

 Your Spells              Type           Power        Failure   Level  Hunger
d - Shroud of Golubria    Chrm/Tloc      #.........   24%         2    ###....
e - Blink                 Tloc           N/A          14%         2    ###....


Dungeon Overview and Level Annotations

Branches:
Dungeon (2/15)

Altars:
Ashenzari
Dithmenos
Fedhas
Kikubaaqudgha
Nemelex Xobeh
Qazlal
Ru

Annotations:
D:2 Natasha


Innate Abilities, Weirdness & Mutations

You cannot wear most types of armour.
You are amphibious.
You can wear up to eight rings at the same time.
You can use your tentacles to constrict eight enemies at once.
Your skin changes colour to match your surroundings (Stealth).
Your rubbery body absorbs attacks (AC +1).


Message History

Confirm with . or Enter, or press ? or * to list all spells.
You blink.
You are feeling hungry.
Natasha mewls in sadness.
Natasha mumbles some strange words.
Natasha stares at you and mumbles some strange words.
You resist with some effort.
Natasha stares at you and mumbles some strange words.
You feel yourself slow down.
Natasha casts a spell.
Natasha howls an incantation.
You feel disoriented.
Natasha howls an incantation.
You feel disoriented. Natasha claws you!
* * * LOW HITPOINT WARNING * * *
You closely miss Natasha. Your grab misses Natasha.
Your squeeze misses Natasha. The shadow imp misses you. Natasha claws you!
You die...
Fedhas appreciates your contribution to the ecosystem.

#............###........_...
#............# #............
#............# #..._..8.._..
.............###............
....#####..........._..._...
..... ##.5.....#...._.....
#........######.......####.......
#...............h5....#####.....#
#...............@........##......
#........................###.....
#...................#....###.....
#...................##...........
#...................##...........
#...................##...........
#.####..............##....[......
#.# #.)............##...........
#.# #..............##...........


You could see Natasha, a crimson imp and a shadow imp.

Vanquished Creatures
  Natasha (D:2)
  2 worms (D:2)
  A giant cockroach (D:2)
  2 goblins (D:1)
  6 hobgoblins
  4 kobolds
  5 bats
  4 giant newts
  5 rats
30 creatures vanquished.

Vanquished Creatures (others)
  5 toadstools (D:2)
5 creatures vanquished.

Grand Total: 35 creatures vanquished

Notes
Turn   | Place    | Note
--------------------------------------------------------------
     0 | D:1      | xgamer67 the Octopode Wanderer began the quest for the Orb.
     0 | D:1      | xgamer67 set off with: a book of Spatial Translocations, Mauhyczo's Collected Works on Transmigration, the Disquisition on Contamination, a +0 dagger, a bread ration
     0 | D:1      | Reached XP level 1. HP: 11/11 MP: 2/2
     0 | D:1      | Identified Mauhyczo's Collected Works on Transmigration
     0 | D:1      | Identified the Disquisition on Contamination
   283 | D:1      | Reached skill level 1 in Stealth
   443 | D:1      | Reached skill level 1 in Fighting
   449 | D:1      | Reached XP level 2. HP: 11/18 MP: 3/3
  1071 | D:2      | Found a stormy altar of Qazlal.
  1080 | D:2      | Found a blossoming altar of Fedhas.
  1080 | D:2      | Found a shadowy altar of Dithmenos.
  1080 | D:2      | Found an ancient bone altar of Kikubaaqudgha.
  1080 | D:2      | Found a shattered altar of Ashenzari.
  1081 | D:2      | Found a sacrificial altar of Ru.
  1083 | D:2      | Found a sparkling altar of Nemelex Xobeh.
  1093 | D:2      | Became a worshipper of Fedhas Madash
  1258 | D:2      | Reached XP level 3. HP: 22/24 MP: 4/4
  1262 | D:2      | Learned a level 2 spell: Blink
  1265 | D:2      | Learned a level 2 spell: Shroud of Golubria
  1309 | D:2      | Found a shadowy altar of Dithmenos.
  1616 | D:2      | Noticed Natasha
  1629 | D:2      | Killed Natasha
  1629 | D:2      | Reached skill level 4 in Stealth
  1629 | D:2      | Reached XP level 4. HP: 4/29 MP: 5/5
  1687 | D:2      | Noticed Natasha
  1717 | D:2      | Slain by Natasha

Vault maps used:
D:1:      sevenhm_arrival_forest_fort_large_4
D:2:      grunt_temple_overflow_open, nicolae_dithmenos_shadow_blocks,
          uniq_natasha

Action                   |  1- 3 |  4- 6 || total
-------------------------+-------+-------++-------
Melee: Dagger            |    65 |     3 ||    68
 Cast: Blink             |       |     1 ||     1
 Stab: Sleeping          |     5 |       ||     5
       Distracted        |     1 |       ||     1
  Eat: Chunk             |     2 |       ||     2
